 Dungeon Crawl Stone Soup version 0.17-a0-1404-gb8113a6 (webtiles) character file.

73 bal the Sneak (level 4, -6/23 HPs)
             Began as a Vine Stalker Assassin on June 21, 2015.
             Mangled by Multipenetrator's ghost (12 damage)
             ... on level 3 of the Dungeon.
             The game lasted 00:05:59 (2025 turns).

bal the Sneak (Vine Stalker Assassin)               Turns: 2025, Time: 00:05:59

Health: -6/23      AC:  4    Str: 13    XL:     4   Next: 27%
Magic:  0/5        EV: 11    Int: 12    God:
Gold:   130        SH:  5    Dex: 16    Spells: 0 memorised, 3 levels left

rFire  + + .     SeeInvis .     a - +0 short sword (freeze)
rCold  + . .     Clarity  .     c - +0 robe
rNeg   + . .     SustAt   .     v - +2 buckler
rPois  +         Gourm    .     (no helmet)
rElec  +         Spirit   +     d - +0 cloak
rCorr  +         Warding  +     (no gloves)
rMut   .         Stasis   .     t - +0 pair of boots
MR     .....                    y - amulet of warding
Stlth  +++.......               (no ring)
                                s - ring of protection from fire

@: resistant, not resistant to hostile enchantments, fairly stealthy
A: fangs 2, regeneration 1, magic shield, antimagic bite, no device heal 3, rot
immunity
a: no special abilities


You were on level 3 of the Dungeon.
You were not hungry.

You visited 1 branch of the dungeon, and saw 3 of its levels.

You collected 130 gold pieces.

Inventory:

Hand weapons
 a - a +0 short sword of freezing (weapon)
 b - a +0 blowgun
 z - a +2 dagger
Missiles
 e - 24 poisoned needles
 f - a curare-tipped needle
 l - 2 tomahawks (quivered)
 u - 18 sling bullets
Armour
 c - a +0 robe (worn)
 d - a +0 cloak (worn)
 t - a +0 pair of boots (worn)
 v - a +2 buckler (worn)
Jewellery
 s - a ring of protection from fire (left hand)
 y - an amulet of warding (around neck)
Magical devices
 j - a wand of slowing (16)
 q - a wand of random effects (48)
Scrolls
 h - a scroll of teleportation
 r - 2 scrolls of remove curse
 x - a scroll of identify
Potions
 k - a potion of curing
 m - 2 potions of might {unknown}
 n - a potion of invisibility {unknown}
 p - a potion of flight {unknown}
 w - a potion of brilliance {unknown}
Comestibles
 g - 3 bread rations
 o - a meat ration


   Skills:
 + Level 2.2 Fighting
 + Level 1.8 Short Blades
 + Level 2.0 Throwing
 + Level 1.2 Dodging
 + Level 6.3 Stealth


You had 3 spell levels left.
You didn't know any spells.

Dungeon Overview and Level Annotations

Branches:
Dungeon (3/15)

Altars:
Cheibriados

Annotations:
D:3 Multipenetrator's ghost, average HEGl


Innate Abilities, Weirdness & Mutations

You have extremely sharp teeth.
Your natural rate of healing is unusually fast.
When hurt, damage is shared between your health and your magic reserves.
Your bite disrupts and absorbs the magic of your enemies.
Potions and wands cannot restore your health.
You are immune to rotting.


Message History

You hit Multipenetrator's ghost. You freeze Multipenetrator's ghost.
Your bite misses Multipenetrator's ghost.
Multipenetrator's ghost is heavily damaged.
Multipenetrator's ghost hits you but does no damage.
You closely miss Multipenetrator's ghost.
Multipenetrator's ghost is heavily damaged.
Multipenetrator's ghost hits you!
You hit Multipenetrator's ghost. You freeze Multipenetrator's ghost.
Multipenetrator's ghost is severely damaged.
Multipenetrator's ghost hits you.
* * * LOW HITPOINT WARNING * * *
You hit Multipenetrator's ghost. You freeze Multipenetrator's ghost.
Multipenetrator's ghost is severely damaged.
Multipenetrator's ghost hits you but does no damage.
Things that are here:
a mace; an orc corpse Multipenetrator's ghost shrieks, "You will never get the ORB!"
Multipenetrator's ghost hits you!
Ouch! That really hurt!
You die...

#.# #.# #.# #.# #.#############.#
#.#..........##.#
##.#..........##.# o
...#........†.##.# ..
####..........##)# ...
##............##W# ....
##.##.##########@###########.....
#................................
#..##............................
#..#########################.....
...# ..... ...#########+### ....
...#...........# ##### ####
.>.............+ +...+...#
...#...........# #...#...#


You could see Multipenetrator's ghost.

Vanquished Creatures
  2 gnolls (D:2)
  2 worms (D:2)
  4 giant geckos
  2 orcs
  3 goblins
  7 hobgoblins
  3 kobolds
  A quokka (D:2)
  5 bats
  3 giant newts
  4 jackals (D:3)
  7 rats
43 creatures vanquished.

Notes
Turn   | Place    | Note
--------------------------------------------------------------
     0 | D:1      | bal the Vine Stalker Assassin began the quest for the Orb.
     0 | D:1      | Reached XP level 1. HP: 11/11 MP: 2/2
    51 | D:1      | Reached skill level 5 in Stealth
   378 | D:1      | Reached XP level 2. HP: 15/15 MP: 3/3
   818 | D:1      | You fall through a shaft!
   906 | D:2      | Reached skill level 1 in Dodging
   958 | D:2      | Reached XP level 3. HP: 18/18 MP: 4/4
  1471 | D:2      | Found a snail-covered altar of Cheibriados.
  1481 | D:2      | Reached skill level 6 in Stealth
  1486 | D:2      | Reached XP level 4. HP: 16/23 MP: 5/5
  1952 | D:3      | Noticed Multipenetrator's ghost (average HEGl)
  2025 | D:3      | Mangled by Multipenetrator's ghost

Vault maps used:
D:1:      tarquinn_simple_flora_water_d
D:2:      cheibriados_altar_wand_db, first_bread, mrwooster_statue_mirror,
          minmay_splitting_lines
D:3:      minitemple

Action                   |  1- 3 |  4- 6 || total
-------------------------+-------+-------++-------
Melee: Dagger            |    54 |       ||    54
       Short sword       |    16 |    39 ||    55
 Fire: Blowgun           |    11 |       ||    11
Throw: Tomahawk          |       |    10 ||    10
  Use: Scroll            |     8 |       ||     8
       Potion            |       |     2 ||     2
 Stab: Sleeping          |     8 |     5 ||    13
  Eat: Meat ration       |     1 |       ||     1
       Chunk             |     1 |       ||     1
